 Dungeon Crawl Stone Soup version 0.23.2-1-ga50397a (webtiles) character file.

Game seed: 12701474904050273708

1450 kae the Insei (level 8, -5/54 HPs)
             Began as a Demonspawn Transmuter on May 5, 2019.
             Was an Initiate of Ru.
             Slain by a wight
             ... wielding a +3 flail
              (12 damage)
             ... on level 6 of the Dungeon.
             The game lasted 00:11:01 (8098 turns).

kae the Insei (Demonspawn Transmuter)               Turns: 8098, Time: 00:11:01

Health: -5/54      AC:  3    Str: 11    XL:     8   Next: 47%
Magic:  13/15      EV: 14    Int: 15    God:    Ru [......]
Gold:   324        SH:  0    Dex: 15    Spells: 10/16 levels left

rFire    . . .     SeeInvis .     - Unarmed
rCold    + . .     Gourm    .   (no shield)
rNeg     . . .     Faith    .   b - +0 robe
rPois    .         Spirit   .   (helmet restricted)
rElec    .         Reflect  .   (no cloak)
rCorr    .         Harm     .   e - +0 pair of gloves
MR       .....                  (boots currently unavailable)
Stlth    +.........             (no amulet)
HPRegen  0.18/turn              (no ring)
MPRegen  0.14/turn              (no ring)

@: appendage (expiring), heavily drained
A: antennae 1, talons 3, repulsion field 2, cold resistance 1, demonic guardian
1
a: End Transformation, Renounce Religion


You were on level 6 of the Dungeon.
You worshipped Ru.
Ru was noncommittal.
You were very hungry.
You had grown temporary talons.
You visited 2 branches of the dungeon, and saw 7 of its levels.

You collected 324 gold pieces.

Inventory:

Hand Weapons
 c - a +0 whip
Missiles
 a - 82 arrows
Armour
 b - a +0 robe (worn)
 e - a +0 pair of gloves (worn)
Wands
 o - a wand of digging (5)
Scrolls
 f - 5 scrolls of fear
 j - 2 scrolls of teleportation
 k - 3 scrolls of remove curse
 m - 2 scrolls of identify
 n - 3 scrolls of amnesia
 q - a scroll of fog
Potions
 g - a potion of brilliance
 h - a potion of invisibility
 i - 5 potions of curing
 r - a potion of haste {unknown}
Comestibles
 d - 16 rations


   Skills:
 - Level 1.0(0.0) Fighting
 - Level 1.7(0.0) Dodging
 * Level 6.8(4.3) Unarmed Combat
 + Level 4.7(2.4) Spellcasting
 + Level 6.1(3.7) Transmutations


You had 10 spell levels left.
You knew the following spells:

 Your Spells              Type           Power        Failure   Level  Hunger
a - Beastly Appendage     Tmut           ##....       4%          1    #......
b - Sticks to Snakes      Tmut           ##......     7%          2    ###....
c - Spider Form           Tmut/Pois      #.........   30%         3    ###....

Your spell library contained the following spells:

 Spells                   Type           Power        Failure   Level  Hunger
 Sting                    Conj/Pois      #...         22%         1    #......
 Poisonous Vapours        Pois/Air       #.....       32%         2    ###....
 Mephitic Cloud           Conj/Pois/Air  #.......     54%         3    ###....
 Ice Form                 Ice/Tmut       #.......     69%         4    #####..
 Blade Hands              Tmut           ##........   77%         5    ######.
 Olgreb's Toxic Radiance  Pois           #.......     91%         4    #####..
 Venom Bolt               Conj/Pois      #.........   99%         5    ######.


Dungeon Overview and Level Annotations

Branches:
Dungeon (6/15)             Temple (1/1) D:4

Altars:
Ashenzari
Cheibriados
Dithmenos
Elyvilon
Fedhas
Gozag
Hepliaklqana
Kikubaaqudgha
Makhleb
Okawaru
Qazlal
Ru
Sif Muna
Trog
Vehumet
Xom
Yredelemnul
Zin
The Shining One


Innate Abilities, Weirdness & Mutations

You have a pair of small antennae on your head.
You are surrounded by a moderate repulsion field. (EV +3)
Your flesh is cold resistant. (rC+)
A weak demonic guardian rushes to your aid.
You have claws for feet.


Message History

The wight hits you with a +3 flail.
Your magical contamination has completely faded away.
You hit the wight but do no damage. You claw the wight, but do no damage.
The wight is lightly damaged.
The wight hits you with a +3 flail!
* * * LOW HITPOINT WARNING * * *
You feel drained.
* * * LOW HITPOINT WARNING * * *
You closely miss the wight.
The wight is lightly damaged.
The wight hits you with a +3 flail.
* * * LOW HITPOINT WARNING * * *
You feel drained.
* * * LOW HITPOINT WARNING * * *
You barely miss the wight. Your kick misses the wight.
The wight is lightly damaged.
Your transformation is almost over.
Unknown command.
The wight hits you with a +3 flail!
You die...

#.. #.# #.# ##########
#.###### ........>#
#)#....# ########.#
########..5.#.# ## #.#
#.....##......# .# #.#
#.###.###)##### .##
#.######.@.#.# #.5{..#
..# #.......##z#.#
#.###.### #.#
#.#####.##5#.#######...#
#.# #.#
#)##.#.#...5.5.#.# #.##
#.# #....#.##.####.#..#
#).# #.# ######..).# #.#
.# ##.## #.# ###### #..
.# #).# #.# #### # ##.##
#.#


You could see a wight and a friendly iron imp.

Vanquished Creatures
  An ice beast (D:6)
  2 sky beasts (D:5)
  An orc warrior (D:6)
  A necrophage (D:6)
  An ogre (D:4)
  A bullfrog (D:6)
  4 wights (D:6)
  A howler monkey (D:6)
  A centaur zombie (D:5)
  2 crimson imps (D:5)
  A hound (D:5)
  4 orc wizards
  A centaur skeleton (D:5)
  An iguana (D:4)
  2 worker ants
  A killer bee zombie (D:5)
  3 gnolls (D:4)
  4 adders
  2 shadow imps
  An adder zombie (D:5)
  2 worms
  3 leopard geckos
  16 orcs
  4 giant cockroaches
  3 goblins
  5 hobgoblins
  3 jackals (D:6)
  10 kobolds
  2 quokkas
  6 bats
  8 frilled lizards
  A quokka zombie (D:5)
  19 rats
117 creatures vanquished.

Vanquished Creatures (collateral kills)
  A phantom (D:4)
  An orc priest (D:4)
  A quasit (D:6)
  2 orc wizards (D:5)
  An iguana (D:4)
  A gnoll (D:4)
  A worm (D:2)
  3 orcs
11 creatures vanquished.

Vanquished Creatures (others)
  A howler monkey (D:5)
  A hound (D:5)
  A gnoll (D:5)
  2 adders (D:5)
  A leopard gecko (D:5)
6 creatures vanquished.

Grand Total: 134 creatures vanquished

Notes
Turn   | Place    | Note
-------+----------+-------------------------------------------
     0 | D:1      | kae the Demonspawn Transmuter began the quest for the Orb.
     0 | D:1      | Reached XP level 1. HP: 15/15 MP: 3/3
   171 | D:1      | Gained mutation: You are surrounded by a mild repulsion
                  | field. (EV +2) [demonic ancestry]
   171 | D:1      | Reached XP level 2. HP: 21/21 MP: 5/5
   973 | D:1      | Learned a level 2 spell: Sticks to Snakes
  1025 | D:2      | Found a shadowy altar of Dithmenos.
  1029 | D:2      | Gained mutation: A weak demonic guardian rushes to your
                  | aid. [demonic ancestry]
  1029 | D:2      | Reached XP level 3. HP: 20/26 MP: 4/6
  1109 | D:2      | Learned a level 3 spell: Spider Form
  1826 | D:2      | Found a blossoming altar of Fedhas.
  2720 | D:3      | Gained mutation: You are surrounded by a moderate repulsion
                  | field. (EV +3) [demonic ancestry]
  2720 | D:3      | Reached XP level 4. HP: 18/32 MP: 7/7
  3521 | D:4      | Noticed a phantom
  3574 | D:4      | Killed a phantom
  3574 | D:4      | Reached XP level 5. HP: 14/37 MP: 5/8
  3829 | D:4      | HP: 1/37 [something/puff of frost (8)]
  4128 | D:4      | Found a staircase to the Ecumenical Temple.
  4138 | Temple   | Entered the Ecumenical Temple
  4301 | Temple   | Became a worshipper of Ru the Awakened
  4923 | D:4      | Gained mutation: You have a pair of small antennae on your
                  | head. [demonic ancestry]
  4923 | D:4      | Reached XP level 6. HP: 39/43 MP: 0/10
  5398 | D:5      | Entered Level 5 of the Dungeon
  5398 | D:5      | Noticed a sky beast
  5406 | D:5      | Killed a sky beast
  5406 | D:5      | Reached skill level 5 in Transmutations
  5610 | D:5      | Reached XP level 7. HP: 14/48 MP: 10/12
  6004 | D:5      | Found a shimmering altar of Xom.
  6217 | D:5      | Reached skill level 5 in Unarmed Combat
  6292 | D:5      | Noticed a moth of wrath
  6295 | D:5      | Found a bloodstained altar of Trog.
  7311 | D:6      | Gained mutation: Your flesh is cold resistant. (rC+)
                  | [demonic ancestry]
  7311 | D:6      | Reached XP level 8. HP: 47/54 MP: 11/14
  8098 | D:6      | Slain by a wight

Skill      XL: |  1  2  3  4  5  6  7  8 |
---------------+-------------------------+-----
Transmutations | 2 3 4 5 6 |  6.1
Unarmed Combat | 3 4 6 |  6.8
Spellcasting   | 3 4 |  4.7
Fighting       | |  1.0
Dodging        | |  1.7

Action                   |  1- 3 |  4- 6 |  7- 9 || total
-------------------------+-------+-------+-------++-------
Melee: Unarmed           |    33 |    49 |   248 ||   330
       Kick              |    10 |     8 |     6 ||    24
       Punch             |     2 |       |     2 ||     4
       Whip              |   142 |   126 |    12 ||   280
       Headbutt          |     6 |       |       ||     6
 Cast: Beastly Appendage |    18 |     8 |     3 ||    29
       Sticks to Snakes  |     1 |     4 |       ||     5
       Spider Form       |     1 |     8 |    13 ||    22
Invok: Reject Sacrifices |       |       |     1 ||     1
  Use: Scroll            |     7 |     2 |     3 ||    12
       Potion            |       |     6 |     1 ||     7
 Stab: Sleeping          |     2 |     1 |       ||     3
       Distracted        |       |       |     1 ||     1
  Eat: Chunk             |     3 |    11 |     9 ||    23
       Ration            |     1 |       |       ||     1
Armor: Robe              |    26 |     8 |    17 ||    51
       Skin              |       |     4 |     5 ||     9
Dodge: Dodged            |   151 |   157 |   203 ||   511
